Cogmind - Beta 10.1 @@@ ROGUE MODE // 2020.10.16 @ 22:02:39 Player: tiniuclx Result: Destroyed by G-67 Veteran with Electrolaser Performance ------------- Evolutions (6) 3000 Regions Visited (21) 4200 Robots Destroyed (299) 1495 Value Destroyed (15801) 15801 Prototype IDs (37) 740 Alien Tech Used (0) 0 Bonus (3911) 3911 TOTAL SCORE: 29147 Bonus ------- High Alert Combat Kills 1056 Follower Combat Kills 1673 Entered Garrisons 1000 Used RIF Installer 2500 Aligned with FarCom 300 Friendly Fire -2618 Cogmind --------- Core Integrity 0/1150 Matter 78/300 Energy 85/100 System Corruption 29% Temperature Cool (0) Movement Core (900) Ox17 Location -4/Armory Parts ------- > --- POWER (2) -------- (None) > --- PROPULSION (4) --- (None) > --- UTILITY (10) ----- Large Storage Unit High-capacity Storage Unit Experimental Terrain Scan Processor Advanced Targeting Computer Advanced Core Analyzer Relay Coupler [NC] (28) > --- WEAPON (3) ------- Force Lance > --- INVENTORY (18) --- Advanced Heat Sink Advanced Heat Sink Energy Well (500) Matter Compressor (250) Relay Coupler [NC] (41) Phase Gun Heavy Neutron Cannon Mass Driver Fusion Bomb Launcher Improved Remote Datajack Improved Remote Datajack Peak State ------------ > --- POWER ------------ Enhanced Fission Core Enhanced Fission Core > --- PROPULSION ------- Improved Heavy Treads Improved Heavy Treads > --- UTILITY ---------- Advanced Heat Sink Advanced Heat Sink Large Storage Unit High-capacity Storage Unit High-capacity Storage Unit Experimental Terrain Scan Processor Advanced Targeting Computer Advanced Core Analyzer Layered Light Armor Plating Relay Coupler [NC] > --- WEAPON ----------- KE Penetrator Railgun Fusion Bomb Launcher > --- INVENTORY -------- Micro Fission Core Antimatter Reactor Antimatter Reactor Improved Treads Improved Heavy Treads Energy Well Matter Compressor Long-range Terrain Scanner Improved Medium Armor Plating Relay Coupler [NC] Relay Coupler [Hunter] Phase Gun Heavy Neutron Cannon Heavy Neutron Cannon KE Penetrator KE Penetrator KE Penetrator Railgun Railgun Railgun Railgun Mass Driver Remote Datajack Improved Remote Datajack Force Lance [Rating: 113] Favorites ----------- Power Cold Fusion Reactor Engine Improved Deuterium Engine Power Core Enhanced Fission Core Reactor Cold Fusion Reactor Propulsion Armored Huge Wheel Treads Light Treads Leg Armored Leg Wheel Armored Huge Wheel Utility High-capacity Storage Unit Device Advanced Heat Sink Storage High-capacity Storage Unit Processor Experimental Terrain Scan Processor Hackware Relay Coupler [NC] Protection Improved Light Armor Plating Weapon Gauss Rifle Energy Gun Gatling Laser Energy Cannon Plasma Cannon Ballistic Gun Gauss Rifle Ballistic Cannon Mass Driver Launcher EMP Blaster Special Weapon Remote Datajack Slashing Weapon Ripper Piercing Weapon Force Lance Special Melee Weapon Datajack Build | -11 -10 -10 -10 -9 -8 -8 -8 -7 -7 -7 -7 -6 -6 -6 -6 -6 -6 -5 -5 -4 -4 ------- Run | Scr Mat Min Exi Min Mat Gar Mat Fac Gar Fac Gar Fac Was Fac Gar Fac Ext Fac Gar Fac Arm Slots Evolved 12 | . . . . . 4 . . 2 . . . 2 . . . . . 2 . 2 . Power 1 | . . . . . . . . . . . . 1 . . . . . . . . . Propulsion 2 | . . . . . 1 . . . . . . . . . . . . . . 1 . Utility 8 | . . . . . 2 . . 2 . . . 1 . . . . . 2 . 1 . Weapon 1 | . . . . . 1 . . . . . . . . . . . . . . . . Parts Attached 526 | 8 6 5 2 . 20 14 14 32 34 23 37 29 . 17 55 35 31 4 57 39 64 Power 38 | 1 . 1 . . 3 2 1 1 3 3 1 3 . 1 4 1 4 . 3 2 4 Engine 19 | 1 . 1 . . 1 1 1 1 2 3 1 2 . 1 2 1 1 . . . . Core 13 | . . . . . 2 1 . . 1 . . . . . 2 . . . 3 2 2 Reactor 6 | . . . . . . . . . . . . 1 . . . . 3 . . . 2 Propulsion 45 | 3 2 . . . 4 . 2 3 2 3 1 . . 2 3 1 1 1 4 3 10 Treads 25 | 2 . . . . 3 . 2 2 1 2 1 . . 2 1 1 . . 3 3 2 Leg 11 | . . . . . . . . . . . . . . . 1 . . 1 1 . 8 Wheel 9 | 1 2 . . . 1 . . 1 1 1 . . . . 1 . 1 . . . . Hover . | . . . . . . . . . . . . . . . . . . . . . . Flight . | . . . . . . . . . . . . . . . . . . . . . . Utility 154 | 2 3 1 2 . 3 2 4 8 15 7 11 8 . 10 10 11 5 2 19 13 18 Device 95 | . 2 1 . . 2 1 2 4 9 4 8 5 . 7 4 6 3 2 14 8 13 Storage 8 | 2 1 . 2 . . . 1 . 1 . . . . . . . . . . 1 . Processor 3 | . . . . . . . . . . . . . . . . . 1 . 1 1 . Hackware 17 | . . . . . . . . 2 1 2 2 3 . 1 1 2 . . 1 1 1 Protection 31 | . . . . . 1 1 1 2 4 1 1 . . 2 5 3 1 . 3 2 4 Artifact . | . . . . . . . . . . . . . . . . . . . . . . Weapon 289 | 2 1 3 . . 10 10 7 20 14 10 24 18 . 4 38 22 21 1 31 21 32 Energy Gun 32 | 2 1 1 . . 4 3 3 2 . . . . . . 6 5 . . 4 . 1 Energy Cannon 42 | . . . . . 5 5 4 10 3 . 2 3 . . 2 . . . 6 1 1 Ballistic Gun 114 | . . . . . 1 1 . 1 8 5 14 10 . 2 16 7 8 . 14 9 18 Ballistic Cannon 5 | . . . . . . . . . . . . . . . 4 . . . . . 1 Launcher 17 | . . 2 . . . . . 1 . . . . . . . 1 7 . 1 2 3 Special Weapon 45 | . . . . . . . . . 2 3 4 5 . 2 4 6 3 1 2 7 6 Impact Weapon . | . . . . . . . . . . . . . . . . . . . . . . Slashing Weapon 16 | . . . . . . 1 . 2 1 2 4 . . . . 2 3 . 1 . . Piercing Weapon 14 | . . . . . . . . . . . . . . . 6 1 . . 3 2 2 Special Melee Weapon 4 | . . . . . . . . 4 . . . . . . . . . . . . . Unidentified Prototypes 7 | . . . . . 2 . . 1 . 1 . . . . . . 1 1 . 1 . Parts Lost 76 | . 1 . . . 5 1 1 6 2 2 1 . . 2 7 2 2 . 10 4 30 Power 7 | . . . . . . . . . 1 . . . . . 1 . . . . . 5 Propulsion 13 | . . . . . 1 . 1 1 . . . . . . . 1 1 . 1 . 7 Utility 31 | . . . . . . 1 . 2 1 2 1 . . 2 4 . 1 . 4 3 10 Weapon 25 | . 1 . . . 4 . . 3 . . . . . . 2 1 . . 5 1 8 Highest Loss Streak 23 | . 1 . . . 3 1 1 4 2 2 1 . . 1 3 2 1 . 7 2 23 Average Slot Usage (%) 90 | . 94 100 100 100 93 92 99 90 88 89 83 83 86 88 91 92 92 94 94 88 88 Engine 5 | . 14 14 14 14 2 2 9 7 6 7 7 6 6 6 5 8 8 . . . . Core 2 | . . . . . 6 6 . . . . . . . . 1 3 . . 4 9 9 Reactor 1 | . . . . . . . . . . . . 4 6 6 4 . 4 11 6 . . Treads 7 | . 3 . . . 6 9 12 8 7 7 7 6 6 6 4 5 6 . 8 14 8 Wheel 7 | . 24 28 28 28 17 18 14 7 7 7 7 6 6 6 6 6 6 5 1 . . Device 10 | . 9 14 2 . 8 9 9 12 11 3 7 11 13 14 13 7 7 17 13 13 8 Storage 14 | . 14 14 25 28 18 18 18 15 15 15 15 13 13 13 13 13 13 11 11 11 14 Processor 2 | . . . . . . . . . . . . . . . . . 3 5 7 10 15 Hackware 7 | . . . . . . . . 6 8 16 6 7 6 4 5 12 13 11 11 9 7 Protection 6 | . . . . . 9 9 9 9 7 7 7 6 6 9 12 12 7 5 3 1 3 Energy Gun 4 | . 27 22 14 14 12 8 15 1 . . . . . . 3 6 9 4 2 . 1 Energy Cannon 2 | . . . . . 3 7 11 14 1 . . . . . . . . . 1 . . Ballistic Gun 10 | . . . . . 8 3 . 1 16 17 18 13 13 18 9 9 6 5 10 11 11 Naked Turns . | . . . . . . . . . . . . . . . . . . . . . . Heaviest Build 156 | 13 41 43 72 72 101 103 104 111 120 116 127 137 120 127 130 126 130 107 133 156 142 Greatest Support 150 | 40 40 24 24 24 24 24 42 28 30 28 30 28 28 28 28 30 28 44 69 150 150 Greatest Overweight (x) 41 | 2 1 1 2 2 6 4 8 8 4 4 5 6 4 6 4 4 4 3 6 1 41 Average Overweight (x) 2 | . . 1 1 2 3 3 3 3 3 3 3 3 4 4 3 3 3 2 2 . . Largest Inventory Capacity 26 | 6 12 12 20 20 20 20 20 20 20 20 20 20 20 20 20 20 20 20 20 26 26 Average Capacity 20 | 5 9 12 18 20 20 20 20 20 20 20 20 20 20 20 20 20 20 20 20 21 25 Most Carried 26 | 4 12 12 17 19 20 20 20 20 20 20 20 20 20 20 20 20 20 20 20 26 26 Average Carried 19 | 1 8 11 14 18 19 18 19 19 19 19 19 19 19 19 19 19 18 18 19 20 24 Final Capacity 26 | 6 12 12 20 20 20 20 20 20 20 20 20 20 20 20 20 20 20 20 20 26 18 Final Carried 26 | 4 12 12 17 19 17 20 20 20 20 19 20 20 20 19 20 20 20 19 20 26 11 Class Distribution -------------------- 17% | Hauler-Mutant 17% | Bothacker-Mutant 15% | Bothacker-Skirmisher 15% | Hauler-Skirmisher 6% | Hauler-Tank 6% | Bothacker-Assassin 4% | Mutant 3% | Scavenger-Tank 3% | Hauler-Assassin Dominant Class ---------------- Mutant | -10/Materials Mutant | -10/Mines Hauler-Mutant | -10/Exiles Hauler-Mutant | -9/Mines Hauler-Skirmisher | -8/Materials Hauler-Mutant | -8/Garrison Scavenger-Skirmisher | -8/Materials Hauler-Mutant | -7/Factory Bothacker-Mutant | -7/Garrison Bothacker-Mutant | -7/Factory Bothacker-Skirmisher | -7/Garrison Bothacker-Skirmisher | -6/Factory Scavenger-Mutant | -6/Waste Hauler-Skirmisher | -6/Factory Scavenger-Tank | -6/Garrison Bothacker-Skirmisher | -6/Factory Hauler-Mutant | -6/Extension Hauler-Assassin | -5/Factory Bothacker-Skirmisher | -5/Garrison Bothacker-Mutant | -4/Factory Hauler-Gunner | -4/Armory Resources | -11 -10 -10 -10 -9 -8 -8 -8 -7 -7 -7 -7 -6 -6 -6 -6 -6 -6 -5 -5 -4 -4 ----------- Run | Scr Mat Min Exi Min Mat Gar Mat Fac Gar Fac Gar Fac Was Fac Gar Fac Ext Fac Gar Fac Arm Matter Collected 12246 | 138 213 273 41 . 206 239 149 355 655 600 1002 643 . 587 1505 613 952 . 1181 1134 1760 Remotely 179 | . . . . . . . . . . . . . . . . . . . . . 179 Salvage Created 14750 | . 254 219 . . 1003 1245 408 1213 969 510 920 1327 . 551 1397 264 827 . 1079 955 1609 Parts 599 | . 10 9 . . 38 22 20 39 47 33 38 39 . 26 70 14 34 . 40 54 66 Haulers Intercepted 4 | . . . . . 2 . 1 . . . . . . 1 . . . . . . . Recyclers Shooed 8 | . . 1 . . 1 . . . . 1 . 1 . . . 1 1 . . 2 . Parts Field Recycled . | . . . . . . . . . . . . . . . . . . . . . . Retrieved Matter . | . . . . . . . . . . . . . . . . . . . . . . Parts Self-Destructed . | . . . . . . . . . . . . . . . . . . . . . . Prevented . | . . . . . . . . . . . . . . . . . . . . . . Kills | -11 -10 -10 -10 -9 -8 -8 -8 -7 -7 -7 -7 -6 -6 -6 -6 -6 -6 -5 -5 -4 -4 ------- Run | Scr Mat Min Exi Min Mat Gar Mat Fac Gar Fac Gar Fac Was Fac Gar Fac Ext Fac Gar Fac Arm Combat Hostiles Destroyed 249 | . 5 5 . . 14 20 6 16 24 8 20 13 . 8 25 5 15 . 16 20 29 Melee 2 | . . . . . . . . . . . . . . . . . . . . . 2 Guns 145 | . 5 1 . . 7 3 1 3 11 8 15 5 . 8 20 5 4 . 15 11 23 Cannons 20 | . . . . . 1 4 3 7 . . . . . . 4 . . . . 1 . AOE 52 | . . 4 . . 2 7 . 1 9 . 4 1 . . . . 11 . 1 8 4 Classes Destroyed 17 | . 2 2 . . 7 2 . 2 1 . . 1 . . . . . . . . . Worker 15 | . . . . . . . . 2 . 1 . 7 . 1 . . 1 . . 3 . Builder 11 | . . . . . 2 . 1 . . . . 5 . . . . 1 . . 2 . Tunneler 1 | . . 1 . . . . . . . . . . . . . . . . . . . Hauler 4 | . . . . . 2 . 1 . . . . . . 1 . . . . . . . Recycler 12 | . . . . . 1 . . 4 . 1 . 2 . . . . 2 . . 2 . Operator 2 | . . . . . 1 . . . . 1 . . . . . . . . . . . Watcher 4 | . 1 . . . 1 . . . . . . . . . . . 1 . . . 1 Swarmer 40 | . . 3 . . . . . . 12 2 4 . . . 6 . 6 . . 4 3 Saboteur 2 | . . . . . . . . . . . . 1 . . . . . . . . 1 Grunt 90 | . 5 2 . . 6 12 3 7 7 1 12 8 . . 6 1 3 . 2 7 8 Brawler 7 | . . . . . . 1 . . . 1 . 3 . . . . . . 1 . 1 Duelist 19 | . . . . . 1 5 . . . . 1 1 . . 1 . . . 2 . 8 Sentry 43 | . . . . . 5 . 2 5 2 1 2 . . 3 7 1 3 . 6 5 1 Specialist 6 | . . . . . . 2 . . 2 . . . . . 1 . . . . . 1 Hunter 14 | . . . . . 2 . 1 2 . 1 . . . . 3 1 . . 4 . . Programmer 23 | . . . . . . . . 2 . 2 1 . . 5 . 2 1 . . 4 6 Behemoth 5 | . . . . . . . . . 1 . . . . . 1 . 2 . 1 . . Best Kill Streak 10 | . 2 3 . . 6 4 4 6 5 3 4 10 . 1 4 1 6 . 2 7 6 Combat Bots Only 6 | . 2 3 . . 5 4 3 4 5 2 4 4 . 1 4 1 4 . 2 4 6 Max Kills in Single Turn 4 | . 1 3 . . 2 3 1 3 3 2 4 4 . 1 1 1 2 . 1 3 2 Gunslinging . | . . . . . . . . . . . . . . . . . . . . . . Exploded 4 | . . 3 . . 2 3 . 1 3 . 4 1 . . . . 2 . 1 3 1 Melee 1 | . . . . . . . . . . . . . . . . . . . . . 1 Uniques/NPCs Destroyed 1 | . . . . . . . . . . . . . . . . . 1 . . . . A7 (-6/Extension) Combat | -11 -10 -10 -10 -9 -8 -8 -8 -7 -7 -7 -7 -6 -6 -6 -6 -6 -6 -5 -5 -4 -4 -------- Run | Scr Mat Min Exi Min Mat Gar Mat Fac Gar Fac Gar Fac Was Fac Gar Fac Ext Fac Gar Fac Arm Damage Taken 22672 | . 279 223 . . 924 683 560 1081 984 602 1018 1021 . 738 2238 864 1127 . 2435 1627 6268 Core 2861 | . 95 38 . . 126 159 32 121 174 74 87 38 . 73 166 39 160 . 326 166 987 Absorbed by Shields 1070 | . . . . . . . . 112 104 . 17 . . 16 . . . . 250 571 . Core Remaining (%) 55 | 100 . . . 46 . . 42 . . . 34 . . . . . 44 . 67 . . Volleys Fired 833 | . 20 23 . . 53 40 23 50 43 44 52 47 6 35 73 37 47 2 81 61 96 Largest 3 | . 2 2 . . 3 3 3 3 3 3 3 3 1 3 3 3 3 1 3 3 3 Hottest 330 | . 100 90 . . 270 313 240 330 278 84 250 250 30 84 250 136 175 30 330 168 158 Shots Fired 1779 | . 40 28 . . 107 76 52 86 87 93 105 92 6 96 193 63 77 2 214 127 235 Gun 1334 | . 40 15 . . 76 39 29 24 71 77 84 68 . 93 152 48 46 . 165 96 211 Cannon 267 | . . . . . 31 37 23 62 12 . 5 6 . . 35 . . . 43 9 4 Launcher 52 | . . 13 . . . . . . . . . . . . . . 19 . 4 8 8 Special 126 | . . . . . . . . . 4 16 16 18 6 3 6 15 12 2 2 14 12 Kinetic 1094 | . . . . . 43 17 . 10 71 77 84 68 . 93 140 36 20 . 139 96 200 Thermal 466 | . 40 15 . . 64 59 23 64 12 . 5 6 . . 47 12 26 . 69 9 15 Explosive 39 | . . . . . . . . . . . . . . . . . 19 . 4 8 8 Electromagnetic 54 | . . 13 . . . . 29 12 . . . . . . . . . . . . . Robot Hit Streak 23 | . 16 3 . . 12 17 3 7 11 7 10 7 5 10 15 16 11 1 18 23 21 Robot Miss Streak 11 | . 2 2 . . 3 3 3 4 11 9 5 7 2 9 6 5 4 1 3 3 2 Penetration Max 1 | . . . . . . . . . . . 1 . . . 1 . 1 . 1 1 1 Secondary Targets 12 | . . . . . . . . . 2 . 2 1 . . . . 1 . . . 6 Max Gunslinging Chain 1 | . . . . . . . . . 1 . 1 1 . . . . 1 . . . 1 Shots Hit Robots 1297 | . 33 13 . . 75 52 28 57 54 62 77 84 4 74 148 45 63 1 158 93 176 Core Hits 804 | . 13 8 . . 47 53 13 41 50 33 54 106 . 44 67 16 42 . 54 69 94 Critical Hits 22 | . . . . . 1 1 . . 2 1 1 . . . 2 1 . . 7 2 4 Critical Kills 7 | . . . . . . . . . 1 . . . . . . . . . 2 . 4 Critical Parts Destroyed 12 | . . . . . 1 1 . . 1 1 1 . . . 2 1 . . 2 2 . Melee Attacks 85 | . . . . . . 1 . 12 2 2 7 6 . . 17 6 12 . 10 6 4 Impact . | . . . . . . . . . . . . . . . . . . . . . . Slashing 40 | . . . . . . 1 . 5 2 2 7 6 . . . 4 12 . 1 . . Piercing 38 | . . . . . . . . . . . . . . . 17 2 . . 9 6 4 Sneak Attacks 10 | . . . . . . . . 2 . . . . . . . . 8 . . . . Combat Hostiles . | . . . . . . . . . . . . . . . . . . . . . . Follow-up Attacks . | . . . . . . . . . . . . . . . . . . . . . . Damage Inflicted 38415 | . 394 361 . . 1590 1984 600 1674 1638 803 1408 2439 . 1416 3648 733 4065 . 5753 3879 6030 Guns 19586 | . 394 82 . . 525 301 169 351 759 803 1086 1514 . 1416 2183 733 1022 . 2598 1472 4178 Cannons 4944 | . . . . . 510 583 356 867 177 . 43 165 . . 643 . . . 1306 294 . Explosions 11922 | . . 279 . . 555 1100 50 375 702 . 279 760 . . 110 . 2313 . 1469 2113 1817 Melee 1938 | . . . . . . . . 81 . . . . . . 712 . 730 . 380 . 35 Ramming 25 | . . . . . . . 25 . . . . . . . . . . . . . . Kinetic 16621 | . . . . . 213 71 . 171 759 803 1086 1514 . 1416 2132 561 464 . 1988 1472 3971 Thermal 11539 | . 394 82 . . 1377 1913 406 1275 879 . 322 925 . . 804 172 573 . 1916 294 207 Explosive 7697 | . . . . . . . . . . . . . . . . . 2298 . 1469 2113 1817 Electromagnetic 595 | . . 279 . . . . 169 147 . . . . . . . . . . . . . Impact . | . . . . . . . . . . . . . . . . . . . . . . Slashing 811 | . . . . . . . . 81 . . . . . . . . 730 . . . . Piercing 1127 | . . . . . . . . . . . . . . . 712 . . . 380 . 35 Highest Corruption 29 | . . . . . 3 3 3 . . 3 4 1 1 7 7 11 16 . . 4 29 Average Corruption 5 | . . . . . 2 3 3 . . 2 3 1 1 4 7 8 15 . . 1 10 Corruption Purged . | . . . . . . . . . . . . . . . . . . . . . . Effects 439 | . . . . . 20 11 13 . . 4 59 4 1 30 67 62 69 . . 6 93 Message Errors 94 | . . . . . 5 3 6 . . . 10 1 . 6 21 12 12 . . 3 15 Matter Fused 83 | . . . . . 4 3 3 . . . 18 . . 5 14 21 7 . . . 8 Heat Flow Errors 38 | . . . . . 2 2 . . . 2 6 . . 4 4 4 4 . . 1 9 Energy Discharges 51 | . . . . . 4 2 2 . . 1 8 2 1 2 3 9 8 . . 1 8 Parts Rejected 1 | . . . . . . . . . . . . . . . . . 1 . . . . Data Loss (minor) 41 | . . . . . . 1 1 . . . 10 1 . 6 6 4 7 . . 1 4 Data Loss (major) 10 | . . . . . . . . . . . . . . . 4 3 3 . . . . Misfires 6 | . . . . . . . . . . . . . . 2 1 . 1 . . . 2 Alerts 3 | . . . . . . . . . . . . . . . . . . . . . 3 Misdirections 18 | . . . . . . . . . . . . . . . . . 15 . . . 3 Targeting Errors 80 | . . . . . 4 . 1 . . . 6 . . 4 9 9 10 . . . 37 Weapon Failures 14 | . . . . . 1 . . . . 1 1 . . 1 5 . 1 . . . 4 Overload Shots . | . . . . . . . . . . . . . . . . . . . . . . Overflow Damage 705 | . . . . . 8 . 17 25 . . . 12 . . 19 . 334 . 136 55 99 Projectiles 96 | . . . . . 3 . 17 25 . . . 6 . . . . . . 45 . . Explosions 352 | . . . . . 5 . . . . . . 6 . . . . 132 . 55 55 99 Melee 257 | . . . . . . . . . . . . . . . 19 . 202 . 36 . . Knockbacks 2 | . . . . . . . 1 . . . . . . . 1 . . . . . . Impact 1 | . . . . . . . 1 . . . . . . . . . . . . . . Kinetic 1 | . . . . . . . . . . . . . . . 1 . . . . . . Secondary . | . . . . . . . . . . . . . . . . . . . . . . Self-Inflicted Damage 353 | . . 77 . . 25 52 . . 2 . 27 . . 101 18 . 44 . . 7 . Shots 20 | . . 5 . . 1 4 . . 1 . 3 . . 1 1 . 3 . . 1 . Rammed 5 | . . . . . . . 5 . . . . . . . . . . . . . . Targets Rammed 5 | . . . . . . . 5 . . . . . . . . . . . . . . Kicked . | . . . . . . . . . . . . . . . . . . . . . . Crushed . | . . . . . . . . . . . . . . . . . . . . . . Highest Temperature 643 | . 388 9 . . 453 643 423 399 450 322 544 428 . 204 307 280 472 . 328 246 411 Average Temperature 132 | . 151 9 . . 144 189 160 133 106 85 143 122 . 89 80 101 136 . 129 104 121 Received Heat Transfer 3482 | . 117 57 . . 198 162 252 200 198 33 301 195 . 42 405 93 225 . 345 233 426 Effects 35 | . 1 . . . 7 7 1 3 1 . 10 1 . . . 1 2 . . . 1 Shutdowns 7 | . . . . . 1 1 . . 1 . 2 1 . . . . 1 . . . . Energy Bleed 2 | . 1 . . . . 1 . . . . . . . . . . . . . . . Interference 14 | . . . . . 5 1 . 3 . . 3 . . . . 1 . . . . 1 Matter Decay 3 | . . . . . 1 1 1 . . . . . . . . . . . . . . Short Circuit 3 | . . . . . . 1 . . . . 1 . . . . . 1 . . . . Damage (minor) 1 | . . . . . . 1 . . . . . . . . . . . . . . . Damage (major) 4 | . . . . . . . . . . . 4 . . . . . . . . . . Damage (core) 1 | . . . . . . 1 . . . . . . . . . . . . . . . Siege Activations . | . . . . . . . . . . . . . . . . . . . . . . Robots Corrupted 1 | . . . . . . . 1 . . . . . . . . . . . . . . Combat Hostiles 1 | . . . . . . . 1 . . . . . . . . . . . . . . Parts Fried 5 | . . 1 . . . . 2 2 . . . . . . . . . . . . . Impact Corruptions . | . . . . . . . . . . . . . . . . . . . . . . Robots Melted 33 | . . . . . 5 9 1 5 4 . 1 7 . . 1 . . . . . . Combat Hostiles 29 | . . . . . 4 6 1 5 4 . 1 7 . . 1 . . . . . . Parts Melted 133 | . 1 . . . 21 44 2 12 15 . 5 23 . . 9 . 1 . . . . Heat Transferred 37459 | . 1101 199 . . 5776 8752 750 4005 4400 . 1840 5040 . . 2066 310 1083 . 1666 175 296 Parts Sabotaged 3 | . . . . . . . . . . . . . . . . . . . . . 3 Parts Stolen . | . . . . . . . . . . . . . . . . . . . . . . Parts Stripped . | . . . . . . . . . . . . . . . . . . . . . . Power Chain Reactions 1 | . . . . . . . 1 . . . . . . . . . . . . . . Missiles Intercepted . | . . . . . . . . . . . . . . . . . . . . . . Alert | -11 -10 -10 -10 -9 -8 -8 -8 -7 -7 -7 -7 -6 -6 -6 -6 -6 -6 -5 -5 -4 -4 ------- Run | Scr Mat Min Exi Min Mat Gar Mat Fac Gar Fac Gar Fac Was Fac Gar Fac Ext Fac Gar Fac Arm Peak Influence 970 | . 173 174 . . 412 529 360 312 847 523 970 922 263 313 695 449 522 263 595 447 550 Initial 508 | . . 14 . . . 59 257 142 187 444 107 508 233 184 112 364 22 255 170 312 213 Average 334 | . 61 75 . . 176 276 291 186 567 287 652 601 251 195 395 118 201 254 386 256 311 Maximum Alert Level 3 | . . . . . 2 2 1 1 3 2 3 3 1 1 2 2 2 1 2 2 2 Low Security (%) 31 | 100 100 100 . 100 49 37 10 55 3 33 7 . . 63 15 76 67 . 4 27 6 Level 1 37 | . . . . . 45 39 89 44 19 43 12 28 100 36 29 9 17 100 53 63 81 Level 2 20 | . . . . . 4 22 . . 44 23 23 29 . . 54 14 15 . 41 9 12 Level 3 10 | . . . . . . . . . 32 . 56 42 . . . . . . . . . Level 4 . | . . . . . . . . . . . . . . . . . . . . . . Level 5 . | . . . . . . . . . . . . . . . . . . . . . . High Security . | . . . . . . . . . . . . . . . . . . . . . . Max Security . | . . . . . . . . . . . . . . . . . . . . . . Squads Dispatched 53 | . 1 . . . 5 . 2 8 . 7 . 11 . 4 . 5 3 . . 3 4 Investigation 9 | . 1 . . . 1 . 1 2 . . . 1 . . . 1 2 . . . . Extermination 18 | . . . . . . . . 2 . 2 . 3 . 3 . 2 . . . 3 3 Reinforcement 15 | . . . . . 4 . 1 1 . 2 . 4 . . . 2 1 . . . . Assault 4 | . . . . . . . . . . . . 3 . . . . . . . . 1 Garrison 7 | . . . . . . . . 3 . 3 . . . 1 . . . . . . . Intercept . | . . . . . . . . . . . . . . . . . . . . . . Construction Impeded 6 | . . . . . 1 . . 1 . 1 . 2 . . . 1 . . . . . Haulers Reinforced 2 | . . . . . . . . . . . . 2 . . . . . . . . . Alert ID Control Effect 13 | . . . . . . . . . . . . . . . . 6 1 . . 4 2 Stealth | -11 -10 -10 -10 -9 -8 -8 -8 -7 -7 -7 -7 -6 -6 -6 -6 -6 -6 -5 -5 -4 -4 --------- Run | Scr Mat Min Exi Min Mat Gar Mat Fac Gar Fac Gar Fac Was Fac Gar Fac Ext Fac Gar Fac Arm Distress Signals 12 | . . . . . . . 2 . . 2 1 1 . . . . . . . 4 2 Communications Jammed . | . . . . . . . . . . . . . . . . . . . . . . Distress Signals . | . . . . . . . . . . . . . . . . . . . . . . Times Spotted 441 | . 12 8 . . 26 23 16 26 38 17 36 35 5 11 33 18 25 2 16 38 56 Peak Tracking Total 10 | . 3 3 . . 6 6 4 4 4 3 4 5 2 2 6 3 6 2 2 7 10 Tactical Retreats 46 | . 2 2 . . 1 2 1 . 11 2 5 . . . 6 . 2 . 2 5 5 Traps | -11 -10 -10 -10 -9 -8 -8 -8 -7 -7 -7 -7 -6 -6 -6 -6 -6 -6 -5 -5 -4 -4 ------- Run | Scr Mat Min Exi Min Mat Gar Mat Fac Gar Fac Gar Fac Was Fac Gar Fac Ext Fac Gar Fac Arm Traps Triggered 70 | . 3 . . . 3 4 1 1 14 2 10 5 . 1 5 2 5 . 14 . . Indirectly . | . . . . . . . . . . . . . . . . . . . . . . Trap Hack Attempts . | . . . . . . . . . . . . . . . . . . . . . . Triggered . | . . . . . . . . . . . . . . . . . . . . . . Disarmed . | . . . . . . . . . . . . . . . . . . . . . . Reprogrammed . | . . . . . . . . . . . . . . . . . . . . . . Reused . | . . . . . . . . . . . . . . . . . . . . . . Traps Extracted . | . . . . . . . . . . . . . . . . . . . . . . Installed . | . . . . . . . . . . . . . . . . . . . . . . Triggered . | . . . . . . . . . . . . . . . . . . . . . . Machines | -11 -10 -10 -10 -9 -8 -8 -8 -7 -7 -7 -7 -6 -6 -6 -6 -6 -6 -5 -5 -4 -4 ---------- Run | Scr Mat Min Exi Min Mat Gar Mat Fac Gar Fac Gar Fac Was Fac Gar Fac Ext Fac Gar Fac Arm Machines Disabled 39 | . . 1 . . 4 1 1 1 3 . 5 . . 4 2 1 4 . 3 . 9 Max in Single Turn 2 | . . 1 . . 1 1 1 1 1 . 1 . . 1 1 1 1 . 1 . 2 Garrison Relay 14 | . . . . . . 1 . . 3 . 5 . . . 3 . . . 2 . . Energy Cycler 1 | . . . . . . . . . . . . . . . . . 1 . . . . Machines Sabotaged . | . . . . . . . . . . . . . . . . . . . . . . Garrisons Compromised . | . . . . . . . . . . . . . . . . . . . . . . Overloaded Fab Kills . | . . . . . . . . . . . . . . . . . . . . . . Fab Network Shutdowns . | . . . . . . . . . . . . . . . . . . . . . . Hacking | -11 -10 -10 -10 -9 -8 -8 -8 -7 -7 -7 -7 -6 -6 -6 -6 -6 -6 -5 -5 -4 -4 --------- Run | Scr Mat Min Exi Min Mat Gar Mat Fac Gar Fac Gar Fac Was Fac Gar Fac Ext Fac Gar Fac Arm Machines Accessed 69 | . 5 . 1 . 6 . 4 7 . 8 . 6 . 5 . 7 10 2 . 6 2 Terminals 55 | . 4 . . . 4 . 4 6 . 5 . 5 . 3 . 5 10 1 . 6 2 Fabricators 2 | . . . . . . . . . . 1 . 1 . . . . . . . . . Repair Stations 1 | . . . . . . . . . . . . . . . . 1 . . . . . Recycling Units 5 | . 1 . . . 1 . . . . 1 . . . 1 . 1 . . . . . Scanalyzers . | . . . . . . . . . . . . . . . . . . . . . . Garrison Access 5 | . . . . . 1 . . 1 . 1 . . . 1 . . . 1 . . . Total Hacks 162 | . 17 . 1 . 19 . 10 18 . 13 . 11 . 11 . 15 23 3 . 17 4 Successful 82 | . 11 . 1 . 11 . 2 9 . 6 . 5 . 7 . 8 9 1 . 10 2 Failed 80 | . 6 . . . 8 . 8 9 . 7 . 6 . 4 . 7 14 2 . 7 2 Catastrophic 12 | . . . . . 1 . 2 1 . . . 1 . 1 . 2 2 1 . . 1 Database Lockouts . | . . . . . . . . . . . . . . . . . . . . . . Manual 83 | . 6 . 1 . 12 . 7 10 . 8 . 5 . 5 . 2 9 2 . 14 2 Terminals 136 | . 15 . . . 17 . 10 16 . 10 . 10 . 6 . 6 23 2 . 17 4 Fabricators 2 | . . . . . . . . . . 1 . 1 . . . . . . . . . Repair Stations 5 | . . . . . . . . . . . . . . . . 5 . . . . . Recycling Units 11 | . 2 . . . 1 . . . . 1 . . . 3 . 4 . . . . . Scanalyzers . | . . . . . . . . . . . . . . . . . . . . . . Garrison Access 7 | . . . . . 1 . . 2 . 1 . . . 2 . . . 1 . . . Terminal Hacks 31 | . 6 . 1 . 5 . 1 3 . 1 . 2 . 1 . 1 5 . . 4 1 Part Schematic 1 | . . . . . . . . 1 . . . . . . . . . . . . . Robot Analysis 1 | . . . . . . . . . . . . . . . . . . . . 1 . Prototype ID Bank 1 | . . . . . . . . . . . . . . . . . . . . 1 . Open Door 5 | . . . . . . . . . . . . . . . . 1 4 . . . . Branch Access Points 7 | . 1 . . . . . 1 1 . 1 . 1 . 1 . . . . . 1 . Garrison Index 1 | . . . . . 1 . . . . . . . . . . . . . . . . Alert Level 2 | . 1 . . . 1 . . . . . . . . . . . . . . . . Unreport Threat 4 | . . . . . 1 . . . . . . 1 . . . . . . . 1 1 Locate Traps 1 | . . . . . . . . . . . . . . . . . 1 . . . . Recall Investigation 1 | . . . . . 1 . . . . . . . . . . . . . . . . Hauler Manifests 2 | . 1 . . . 1 . . . . . . . . . . . . . . . . Registered Components 1 | . 1 . . . . . . . . . . . . . . . . . . . . Zone Layout 3 | . 2 . . . . . . 1 . . . . . . . . . . . . . EX-Prototype ID Bank 1 | . . . 1 . . . . . . . . . . . . . . . . . . Fabricator Hacks 2 | . . . . . . . . . . 1 . 1 . . . . . . . . . Build 2 | . . . . . . . . . . 1 . 1 . . . . . . . . . Repair Station Hacks 4 | . . . . . . . . . . . . . . . . 4 . . . . . Scan Component 2 | . . . . . . . . . . . . . . . . 2 . . . . . Repair 2 | . . . . . . . . . . . . . . . . 2 . . . . . Recycling Unit Hacks 8 | . 1 . . . 1 . . . . 1 . . . 2 . 3 . . . . . Process 2 | . . . . . . . . . . . . . . 1 . 1 . . . . . Report Inventory 1 | . . . . . . . . . . 1 . . . . . . . . . . . Retrieve Matter 3 | . . . . . . . . . . . . . . 1 . 2 . . . . . Retrieve Components 2 | . 1 . . . 1 . . . . . . . . . . . . . . . . Scanalyzer . | . . . . . . . . . . . . . . . . . . . . . . Garrison Access Hacks 7 | . . . . . 1 . . 2 . 1 . . . 2 . . . 1 . . . Unlock Access 5 | . . . . . 1 . . 1 . 1 . . . 1 . . . 1 . . . Coupler Status 2 | . . . . . . . . 1 . . . . . 1 . . . . . . . Unauthorized Hacks 30 | . 4 . . . 4 . 1 4 . 2 . 2 . 2 . . 4 . . 6 1 Terminals 30 | . 4 . . . 4 . 1 4 . 2 . 2 . 2 . . 4 . . 6 1 Assimilate 1 | . . . . . . . 1 . . . . . . . . . . . . . . Botnet 27 | . 3 . . . 4 . . 4 . 2 . 1 . 2 . . 4 . . 6 1 Disrupt 1 | . . . . . . . . . . . . 1 . . . . . . . . . Operators 1 | . 1 . . . . . . . . . . . . . . . . . . . . Fabricators . | . . . . . . . . . . . . . . . . . . . . . . Repair Stations . | . . . . . . . . . . . . . . . . . . . . . . Recycling Units . | . . . . . . . . . . . . . . . . . . . . . . Scanalyzers . | . . . . . . . . . . . . . . . . . . . . . . Garrison Access . | . . . . . . . . . . . . . . . . . . . . . . Data Cores Recovered 1 | . . . . . . . . . . 1 . . . . . . . . . . . Used 1 | . . . . . . . . . . 1 . . . . . . . . . . . Hacking Detections 57 | . 5 . . . 3 . 4 5 . 6 . 5 . 5 . 6 9 2 . 5 2 Full Trace Events 4 | . . . . . . . . 1 . . . . . . . 1 2 . . . . Feedback Events . | . . . . . . . . . . . . . . . . . . . . . . Feedback Blocked . | . . . . . . . . . . . . . . . . . . . . . . Robot Schematics Acquired . | . . . . . . . . . . . . . . . . . . . . . . Robots Built 2 | . . . . . . . . . . . . 2 . . . . . . . . . Matter 252 | . . . . . . . . . . . . 252 . . . . . . . . . Time 134 | . . . . . . . . . . . . 134 . . . . . . . . . Total Robot Build Rating 8 | . . . . . . . . . . . . 8 . . . . . . . . . Part Schematics Acquired 1 | . . . . . . . . 1 . . . . . . . . . . . . . Parts Built 2 | . . . . . . . . . . 2 . . . . . . . . . . . Matter 190 | . . . . . . . . . . 190 . . . . . . . . . . . Time 95 | . . . . . . . . . . 95 . . . . . . . . . . . Total Part Build Rating 10 | . . . . . . . . . . 10 . . . . . . . . . . . Parts Repaired 2 | . . . . . . . . . . . . . . . . 2 . . . . . Time 94 | . . . . . . . . . . . . . . . . 94 . . . . . Parts Recycled . | . . . . . . . . . . . . . . . . . . . . . . Recycled Matter 172 | . . . . . . . . . . . . . . 148 . 24 . . . . . Retrieved Matter 172 | . . . . . . . . . . . . . . 148 . 24 . . . . . Retrieved Components 10 | . . . . . 10 . . . . . . . . . . . . . . . . Parts Scanalyzed . | . . . . . . . . . . . . . . . . . . . . . . Part Schematics Acquired . | . . . . . . . . . . . . . . . . . . . . . . Parts Damaged . | . . . . . . . . . . . . . . . . . . . . . . Bothacking | -11 -10 -10 -10 -9 -8 -8 -8 -7 -7 -7 -7 -6 -6 -6 -6 -6 -6 -5 -5 -4 -4 ------------ Run | Scr Mat Min Exi Min Mat Gar Mat Fac Gar Fac Gar Fac Was Fac Gar Fac Ext Fac Gar Fac Arm Used RIF Installer 5 | . . . . . . 1 . . 1 . 1 . . . 1 . . . 1 . . Coupler Efficiency 1 | . . . . . . . . . . . . . . . . . . . 1 . . Hotswap 1 | . . . . . . . . . . . 1 . . . . . . . . . . Patrol Navigation 1 | . . . . . . . . . 1 . . . . . . . . . . . . Alert ID Control 1 | . . . . . . . . . . . . . . . 1 . . . . . . Robots Hacked 55 | . . . . . . . . 3 1 6 4 11 6 2 2 7 1 . 2 9 1 Non-combat 21 | . . . . . . . . 2 . 4 . 6 . 1 . 2 . . . 5 1 Combat 34 | . . . . . . . . 1 1 2 4 5 6 1 2 5 1 . 2 4 . Robot Hacks Applied 59 | . . . . . . . . 3 1 7 4 13 6 2 2 8 1 . 2 9 1 parse_system 3 | . . . . . . . . 1 1 . . 1 . . . . . . . . . find_chute 1 | . . . . . . . . . . . . 1 . . . . . . . . . deconstruct_machine 1 | . . . . . . . . . . . . 1 . . . . . . . . . drop_inventory 7 | . . . . . . . . . . 1 . 3 . . . 1 . . . 2 . locate_stockpiles 3 | . . . . . . . . . . 1 . 1 . . . . . . . 1 . find_recycling 1 | . . . . . . . . . . 1 . . . . . . . . . . . purge_threat 2 | . . . . . . . . . . . . . . . . 2 . . . . . block_reporting 1 | . . . . . . . . . . . . . . 1 . . . . . . . summon_haulers 1 | . . . . . . . . . . 1 . . . . . . . . . . . map_route 6 | . . . . . . . . 1 . 1 . 1 . . . . . . . 2 1 ignore_targets 6 | . . . . . . . . . . . . . 6 . . . . . . . . find_garrison 1 | . . . . . . . . . . . . 1 . . . . . . . . . disrupt_area 1 | . . . . . . . . . . . . 1 . . . . . . . . . amplify_resonance 7 | . . . . . . . . . . 1 3 1 . . . 1 . . 1 . . disable_weapons 2 | . . . . . . . . . . . . . . . . . . . . 2 . go_dormant 1 | . . . . . . . . . . . . . . . . 1 . . . . . overwrite_iff 2 | . . . . . . . . . . . . . . . 1 . . . 1 . . streamctrl_high 3 | . . . . . . . . . . . 1 . . . 1 1 . . . . . formatsys_high 10 | . . . . . . . . 1 . 1 . 2 . 1 . 2 1 . . 2 . Relay Couplers Released 58 | . . . . . . 4 . . 10 . 19 4 . . 14 . . . 7 . . Machine Destruction 54 | . . . . . . 4 . . 10 . 19 . . . 14 . . . 7 . . Programmers 4 | . . . . . . . . . . . . 4 . . . . . . . . . Attached 17 | . . . . . . . . 2 1 2 2 3 . 1 1 2 . . 1 1 1 Robots Rewired 15 | . . . . . . . . . . . 6 . . . . . 3 . . . 6 Allies Hacked 2 | . . . . . . . . . . . . . . . . . . . . . 2 Hacks Repelled . | . . . . . . . . . . . . . . . . . . . . . . Allies | -11 -10 -10 -10 -9 -8 -8 -8 -7 -7 -7 -7 -6 -6 -6 -6 -6 -6 -5 -5 -4 -4 -------- Run | Scr Mat Min Exi Min Mat Gar Mat Fac Gar Fac Gar Fac Was Fac Gar Fac Ext Fac Gar Fac Arm Total Allies 39 | . . . . . . . 1 1 . 1 7 4 . 1 2 3 10 . 1 2 6 Largest Group 6 | . . . . . . . 1 1 . 1 6 3 . 1 1 1 6 3 2 2 3 Highest-Rated Group 234 | . . . . . . . 10 32 . 32 144 93 . 29 29 32 234 65 50 98 159 Highest-Rated Ally 156 | . . . . . . . 10 32 . 32 32 32 . 29 29 32 156 25 29 49 56 Total Orders 2 | . . . . . . . . . . . . . . . 1 1 . . . . . FOLLOW 2 | . . . . . . . . . . . . . . . 1 1 . . . . . Ally Attacks 235 | . . . . . . . . 16 . 4 39 47 . . 15 18 58 4 12 12 10 Total Damage 6494 | . . . . . . . . 486 . 137 1072 1489 . . 177 425 1209 120 344 447 588 Kills 57 | . . . . . . . . 1 . 1 11 20 . . . 6 9 1 . 4 4 Allies Corrupted 2 | . . . . . . . . . . . . . . . . . . . . 1 1 Allies Melted . | . . . . . . . . . . . . . . . . . . . . . . Intel | -11 -10 -10 -10 -9 -8 -8 -8 -7 -7 -7 -7 -6 -6 -6 -6 -6 -6 -5 -5 -4 -4 ------- Run | Scr Mat Min Exi Min Mat Gar Mat Fac Gar Fac Gar Fac Was Fac Gar Fac Ext Fac Gar Fac Arm Robot Analysis Total 1 | . . . . . . . . . . . . . . . . . . . . 1 . Derelict Logs Recovered . | . . . . . . . . . . . . . . . . . . . . . . Drone Launches . | . . . . . . . . . . . . . . . . . . . . . . Drone Recoveries . | . . . . . . . . . . . . . . . . . . . . . . Exploration | -11 -10 -10 -10 -9 -8 -8 -8 -7 -7 -7 -7 -6 -6 -6 -6 -6 -6 -5 -5 -4 -4 ------------- Run | Scr Mat Min Exi Min Mat Gar Mat Fac Gar Fac Gar Fac Was Fac Gar Fac Ext Fac Gar Fac Arm Turns Passed 24556 | 96 626 365 592 181 1069 782 766 1436 1538 1709 2664 1283 155 1396 1715 1484 1122 301 2147 1575 1554 Spaces Moved 12305 | 54 479 298 543 152 523 445 368 750 865 1069 1046 634 90 665 826 755 566 127 878 689 483 Core 6 | 5 . . . . . . . . . . . . . . . . . . . . 1 Treads 2784 | 46 43 . . . 32 . 55 13 64 . 651 3 . 178 . 96 . . 436 689 478 Legs 271 | . . . . . . . . . . . . . . . . . . 118 149 . 4 Wheels 9244 | 3 436 298 543 152 491 445 313 737 801 1069 395 631 90 487 826 659 566 9 293 . . Hover . | . . . . . . . . . . . . . . . . . . . . . . Flight . | . . . . . . . . . . . . . . . . . . . . . . Fastest Speed 50 | 50 90 100 100 110 110 120 120 130 130 120 130 130 140 130 130 130 120 120 130 160 150 Average Speed 146 | 149 103 100 107 110 129 124 145 138 136 130 203 137 140 172 135 149 134 203 172 167 170 Slowest Speed 2100 | 160 160 100 110 110 240 130 260 260 220 140 260 280 140 280 140 220 140 210 300 180 2100 Overloaded Moves . | . . . . . . . . . . . . . . . . . . . . . . Propulsion Burnouts . | . . . . . . . . . . . . . . . . . . . . . . Robots Hopped . | . . . . . . . . . . . . . . . . . . . . . . Cave-ins Triggered . | . . . . . . . . . . . . . . . . . . . . . . Exploration Rate (%) 45 | 5 60 37 91 37 40 41 29 21 89 24 87 22 70 17 72 19 79 8 77 25 45 Regions Visited 21 Branch Regions 5 Pre-discovered Areas . | . . . . . . . . . . . . . . . . . . . . . . Known Exits Taken 8 | . 1 . . . 1 . . 1 . 1 . . . 1 . 1 . 1 . 1 . Unknown Exits Taken 6 | 1 . 1 1 1 . . 1 . . . . . . . . . 1 . . . . Scrap Searched 1 | . . . . 1 . . . . . . . . . . . . . . . . . Spaces Dug 68 | . . . . . . . . 4 . 2 . 6 . . 1 2 26 . . 23 4 Terrain Destroyed 565 | . . . . . 41 . 17 4 1 2 . 6 . 36 18 2 245 . 27 77 89 Melee 22 | . . . . . . . . 4 . 2 . 6 . . 1 2 1 . . 5 1 Projectile 74 | . . . . . 3 . 9 . 1 . . . . 1 17 . . . 17 6 20 AOE 469 | . . . . . 38 . 8 . . . . . . 35 . . 244 . 10 66 68 Terrain Rammed . | . . . . . . . . . . . . . . . . . . . . . . Walls Destroyed . | . . . . . . . . . . . . . . . . . . . . . . Machines Disabled . | . . . . . . . . . . . . . . . . . . . . . . Actions | -11 -10 -10 -10 -9 -8 -8 -8 -7 -7 -7 -7 -6 -6 -6 -6 -6 -6 -5 -5 -4 -4 --------- Run | Scr Mat Min Exi Min Mat Gar Mat Fac Gar Fac Gar Fac Was Fac Gar Fac Ext Fac Gar Fac Arm Total 17285 | 67 573 337 547 165 841 618 545 1061 1154 1315 1502 970 117 845 1230 1045 836 168 1329 1003 1017 Wait 2766 | 1 48 8 . 12 220 55 105 183 87 149 279 221 17 110 192 189 136 32 203 173 346 Move 12289 | 53 478 297 542 151 523 444 367 749 864 1069 1045 634 89 665 825 754 565 127 877 688 483 Hop . | . . . . . . . . . . . . . . . . . . . . . . Pick Up 234 | 3 14 1 3 2 8 12 12 10 22 8 25 16 3 5 20 9 6 1 24 17 13 Fast Attach 103 | 7 2 . . . 6 2 4 12 5 5 2 2 . 3 16 6 2 1 12 8 8 Attach 122 | 1 3 . . . 8 10 . 8 12 3 9 11 . 1 12 3 4 2 9 5 21 Detach 30 | 2 . . . . 3 9 . 5 1 . 2 1 . . 1 1 3 1 . 1 . Swap 302 | . 1 5 2 . 7 2 10 12 17 15 26 16 . 13 27 26 25 1 36 26 35 Drop 270 | . 7 3 . . 13 11 19 18 26 12 26 16 2 8 31 14 4 1 30 18 11 Fire 833 | . 20 23 . . 53 40 23 50 43 44 52 47 6 35 73 37 47 2 81 61 96 Melee 85 | . . . . . . 1 . 12 2 2 7 6 . . 17 6 12 . 10 6 4 Ram 1 | . . . . . . . 1 . . . . . . . . . . . . . . Kick . | . . . . . . . . . . . . . . . . . . . . . . Crush 4 | . . . . . . . 4 . . . . . . . . . . . . . . Escape Stasis 244 | . . . . . . 32 . . 75 8 29 . . 5 16 . 32 . 47 . . Rewire 2 | . . . . . . . . 2 . . . . . . . . . . . . . Trap . | . . . . . . . . . . . . . . . . . . . . . . Miscellaneous . | . . . . . . . . . . . . . . . . . . . . . . Route ------- -11/Scrapyard -10/Materials (discovered 3 exits: [*Mat x2] / *Min) -10/Mines (discovered 2 exits: [*Mat] / *Exi) -10/Exiles -9/Mines -8/Materials (discovered 3 exits: *Fac x2 / Gar) -8/Garrison -8/Materials -7/Factory (discovered 6 exits: *Fac / *Sto x2 / Low x2 / Gar) -7/Garrison (discovered 3 exits: *Fac x3) -7/Factory (discovered 6 exits: *Fac / *Sto x2 / Low x2 / Gar) -7/Garrison (discovered 3 exits: *Fac x3) -6/Factory (discovered 4 exits: Low x2 / *Ext x2) -6/Waste -6/Factory (discovered 5 exits: Low x2 / Ext x2 / Gar) -6/Garrison (discovered 2 exits: *Fac x2) -6/Factory (discovered 2 exits: *Low / *Ext) -6/Extension (discovered 2 exits: *Fac / [*Cet]) -5/Factory -5/Garrison (discovered 3 exits: *Fac x3) -4/Factory (discovered 4 exits: [*Res] / *Upp x2 / *Arm) -4/Armory (discovered 1 exit: [Res]) History --------- Turn | Location | Event 5 | -11/Scrapyard | Discovered new exit (range 16) 97 | -11/Scrapyard | Entered Materials 300 | -10/Materials | Build established: Mutant 349 | -10/Materials | Discovered new exit (range 17) 440 | -10/Materials | Identified exit to Mines 659 | -10/Materials | Discovered new exit (range 16) 723 | -10/Materials | Entered Mines 756 | -10/Mines | Discovered new exit (range 7) 775 | -10/Mines | Deemed a non-threat by the Exiles lab entrance 805 | -10/Mines | Discovered new exit (range 5) 1004 | -10/Mines | Core integrity fell below 50% 1088 | -10/Mines | Entered Exiles 1112 | -10/Exiles | Met 8R-AWN 1128 | -10/Exiles | Met EX-HEX 1157 | -10/Exiles | Met EX-BIN 1169 | -10/Exiles | Aligned with FarCom system 1170 | -10/Exiles | Given EX-Vault access code 1193 | -10/Exiles | Opened EX-Vault 1202 | -10/Exiles | Found Firepult 1227 | -10/Exiles | Warned to stay clear of 0b10 Research branches 1304 | -10/Exiles | Met EX-DEC 1328 | -10/Exiles | Visited The Gauntlet 1491 | -10/Exiles | Build established: Hauler-Mutant 1528 | -10/Exiles | Discovered new exit (range 14) 1680 | -10/Exiles | Left Exiles lab with Firepult 1680 | -10/Exiles | Entered Mines 1682 | -9/Mines | Met a Derelict bent on vengeance 1716 | -9/Mines | A weapon hastily lodged in a ceiling crevice suddenly fell to the ground 1781 | -9/Mines | Discovered new exit (range 7) 1861 | -9/Mines | Entered Materials 1861 | -8/Materials | Evolved 4 slots: Propulsion x1, Utility x2, Weapon x1 2068 | -8/Materials | Lost 3 parts (1n2w) 2695 | -8/Materials | Discovered new exit (range 7) 2894 | -8/Materials | Discovered new exit (range 5) 2930 | -8/Materials | Identified exit to Garrison 2930 | -8/Materials | Entered Garrison 2936 | -8/Garrison | Installed Relay Interface Framework 3048 | -8/Garrison | Build established: Hauler-Skirmisher 3320 | -8/Garrison | Triggered checkpoint 3503 | -8/Garrison | Triggered checkpoint 3503 | -8/Garrison | Triggered checkpoint 3517 | -8/Garrison | Core integrity fell below 50% 3578 | -8/Garrison | Triggered checkpoint 3587 | -8/Garrison | Discovered new exit (range 15) 3605 | -8/Garrison | Build established: Hauler-Mutant 3631 | -8/Garrison | Garrison Relay disabled 3712 | -8/Garrison | Entered Materials 4205 | -8/Materials | Discovered new exit (range 8) 4478 | -8/Materials | Entered Factory 4478 | -7/Factory | Evolved 2 slots: Utility x2 4809 | -7/Factory | Found Prototype Launcher 4809 | -7/Factory | Identified Rocket Array 4845 | -7/Factory | Discovered new exit (range 16) 4915 | -7/Factory | Identified exit to Storage 4915 | -7/Factory | Identified exit to Lower Caves 5538 | -7/Factory | Garrison activated, responded to threat 5638 | -7/Factory | Lost 4 parts (1u3w) 5907 | -7/Factory | Identified exit to Garrison 5914 | -7/Factory | Entered Garrison 5954 | -7/Garrison | Triggered checkpoint 5970 | -7/Garrison | Garrison Relay disabled 6074 | -7/Garrison | Triggered checkpoint 6079 | -7/Garrison | Triggered checkpoint 6265 | -7/Garrison | Spotted B-75 Beast 6266 | -7/Garrison | Destroyed B-75 Beast 6384 | -7/Garrison | Discovered new exit (range 8) 6480 | -7/Garrison | Triggered checkpoint 6696 | -7/Garrison | Triggered checkpoint 6904 | -7/Garrison | Triggered checkpoint 6946 | -7/Garrison | Garrison Relay disabled 6983 | -7/Garrison | Discovered new exit (range 14) 7118 | -7/Garrison | Discovered new exit (range 10) 7137 | -7/Garrison | Expanded RIF knowledge: Watcher Feeds 7184 | -7/Garrison | Triggered checkpoint 7452 | -7/Garrison | Entered Factory 7636 | -7/Factory | Build established: Bothacker-Mutant 7778 | -7/Factory | Garrison activated, responded to threat 8515 | -7/Factory | Discovered new exit (range 32) 8733 | -7/Factory | Fabricated Imp. Medium Treads? 8951 | -7/Factory | Core integrity fell below 50% 9161 | -7/Factory | Identified exit to Garrison 9161 | -7/Factory | Entered Garrison 9168 | -7/Garrison | Expanded RIF knowledge: Hotswap 9340 | -7/Garrison | Triggered checkpoint 9406 | -7/Garrison | Garrison Relay disabled 9677 | -7/Garrison | Triggered checkpoint 9927 | -7/Garrison | Build established: Hauler-Skirmisher 10129 | -7/Garrison | Triggered checkpoint 10182 | -7/Garrison | Discovered new exit (range 9) 10208 | -7/Garrison | Triggered checkpoint 10274 | -7/Garrison | Triggered checkpoint 10320 | -7/Garrison | Garrison Relay disabled 10617 | -7/Garrison | Discovered new exit (range 9) 10674 | -7/Garrison | Build established: Bothacker-Mutant 10706 | -7/Garrison | Triggered checkpoint 10718 | -7/Garrison | Garrison Relay disabled 10780 | -7/Garrison | Triggered checkpoint 10885 | -7/Garrison | Discovered new exit (range 15) 10974 | -7/Garrison | Triggered checkpoint 11058 | -7/Garrison | Garrison Relay disabled 11633 | -7/Garrison | Build established: Bothacker-Skirmisher 11785 | -7/Garrison | Garrison Relay disabled 11825 | -7/Garrison | Entered Factory 11825 | -6/Factory | Evolved 2 slots: Power x1, Utility x1 11852 | -6/Factory | Identified exit to Lower Caves 11852 | -6/Factory | Identified exit to Extension 12139 | -6/Factory | Found Exp. Terrain Scan Processor 12147 | -6/Factory | Fabricated Y-54 Guardian (x2) 12175 | -6/Factory | First assault squad dispatched 13108 | -6/Factory | Sucked down chute 13108 | -6/Factory | Entered Waste 13128 | -6/Waste | Found Broken Fusion Bomb Launcher 13146 | -6/Waste | Spotted C-40 Crusher 13161 | -6/Waste | Spotted C-40 Crusher 13167 | -6/Waste | Spotted C-40 Crusher 13175 | -6/Waste | Spotted C-40 Crusher 13186 | -6/Waste | Spotted C-40 Crusher 13188 | -6/Waste | Spotted C-40 Crusher 13208 | -6/Waste | Found Broken Adv. Powered Armor 13227 | -6/Waste | Discovered new exit (range 10) 13263 | -6/Waste | Entered Factory 13465 | -6/Factory | Build established: Scavenger-Mutant 14599 | -6/Factory | Garrison activated, responded to threat 14658 | -6/Factory | Identified exit to Garrison 14659 | -6/Factory | Entered Garrison 14659 | -6/Garrison | Accompanied by 1 ally 14948 | -6/Garrison | Triggered checkpoint 15008 | -6/Garrison | Garrison Relay disabled 15378 | -6/Garrison | Spotted B-75 Beast 15409 | -6/Garrison | Destroyed B-75 Beast 15470 | -6/Garrison | Triggered checkpoint 15747 | -6/Garrison | Discovered new exit (range 12) 15768 | -6/Garrison | Build established: Scavenger-Tank 15808 | -6/Garrison | Triggered checkpoint 15865 | -6/Garrison | Garrison Relay disabled 15920 | -6/Garrison | Triggered checkpoint 16066 | -6/Garrison | Discovered new exit (range 11) 16087 | -6/Garrison | Expanded RIF knowledge: Alert ID Control 16136 | -6/Garrison | Triggered checkpoint 16160 | -6/Garrison | Lost 3 parts (2u1w) 16247 | -6/Garrison | Garrison Relay disabled 16374 | -6/Garrison | Entered Factory 16481 | -6/Factory | Repaired Broken Adv. Powered Armor 16555 | -6/Factory | Repaired Broken Fusion Bomb Launcher 16896 | -6/Factory | Build established: Bothacker-Mutant 17213 | -6/Factory | Build established: Bothacker-Skirmisher 17248 | -6/Factory | Discovered exit to Lower Caves (range 12) 17784 | -6/Factory | System corruption reached 10% 17800 | -6/Factory | Discovered exit to Extension (range 9) 17858 | -6/Factory | Entered Extension 17858 | -6/Extension | Accompanied by 1 ally 17942 | -6/Extension | Rescued a captive Derelict 18046 | -6/Extension | Rescued a captive Derelict 18047 | -6/Extension | Rescued a captive Derelict 18088 | -6/Extension | Rescued a captive Derelict 18186 | -6/Extension | Spotted B-75 Beast 18260 | -6/Extension | Core integrity fell below 50% 18266 | -6/Extension | Destroyed B-75 Beast 18380 | -6/Extension | Spotted B-75 Beast 18391 | -6/Extension | Destroyed B-75 Beast 18519 | -6/Extension | Rescued a captive Derelict 18674 | -6/Extension | Energy Cycler disabled 18674 | -6/Extension | Rescued a captive Derelict 18677 | -6/Extension | Rescued a captive Derelict 18690 | -6/Extension | Rescued A7 18783 | -6/Extension | Disrupted transfer network 18931 | -6/Extension | Discovered new exit (range 10) 18933 | -6/Extension | Discovered new exit (range 6) 18969 | -6/Extension | Destroyed A7 18970 | -6/Extension | Extracted ID and sensor layout for unrecognized location from A7's data core 18980 | -6/Extension | Entered Factory 18980 | -5/Factory | Accompanied by 3 allies 18980 | -5/Factory | Evolved 2 slots: Utility x2 19228 | -5/Factory | Build established: Hauler-Assassin 19264 | -5/Factory | Identified exit to Garrison 19281 | -5/Factory | Entered Garrison 19281 | -5/Garrison | Accompanied by 2 allies 19620 | -5/Garrison | Triggered checkpoint 19801 | -5/Garrison | Garrison Relay disabled 19986 | -5/Garrison | Spotted B-75 Beast 20075 | -5/Garrison | Destroyed B-75 Beast 20098 | -5/Garrison | Lost 7 parts (1n3u3w) 20360 | -5/Garrison | Build established: Bothacker-Skirmisher 20468 | -5/Garrison | Triggered checkpoint 20588 | -5/Garrison | Discovered new exit (range 16) 20630 | -5/Garrison | Expanded RIF knowledge: Coupler Efficiency 20737 | -5/Garrison | Triggered checkpoint 20774 | -5/Garrison | Discovered new exit (range 24) 20844 | -5/Garrison | Triggered checkpoint 20917 | -5/Garrison | Garrison Relay disabled 21202 | -5/Garrison | Build established: Bothacker-Mutant 21263 | -5/Garrison | Triggered checkpoint 21403 | -5/Garrison | Discovered new exit (range 15) 21428 | -5/Garrison | Entered Factory 21428 | -4/Factory | Evolved 2 slots: Propulsion x1, Utility x1 21556 | -4/Factory | Found Unknown Device 21556 | -4/Factory | Identified Quantum Capacitor 21612 | -4/Factory | Identified exit to Upper Caves 21612 | -4/Factory | Identified exit to Armory 21673 | -4/Factory | Build established: Bothacker-Assassin 22240 | -4/Factory | Discovered new exit (range 23) 23003 | -4/Factory | Entered Armory 23517 | -4/Armory | System corruption reached 10% 23915 | -4/Armory | P-70 Sage assimilated allied Assassin 7a 24335 | -4/Armory | Discovered new exit (range 24) 24541 | -4/Armory | Core integrity fell below 50% 24549 | -4/Armory | First assault squad dispatched 24554 | -4/Armory | Core integrity fell below 20% 24557 | -4/Armory | Destroyed by G-67 Veteran with Electrolaser Last Messages --------------- 24543_ Slug penetrates L-61 Swordsman. 24543_ L-61 Swordsman destroyed. 24543_ Switching to secondary target: L-61 Swordsman. 24543_ Slug penetrates L-61 Swordsman. 24544_ KE Penetrator severed. 24545_ Imp. Heat Sink destroyed. 24546_ KE Penetrator destroyed. 24546_ Myomer Leg destroyed. 24549_ System corrupted: Heat flow error (+166). 24549_ ALERT: Significant disruption in Zone 2F, assault force dispatched. 24549_ Slug penetrates L-61 Swordsman. 24549_ Slug penetrates Wall. 24549_ System corrupted: KE Penetrator targeting data glitched. 24549_ Slug penetrates L-61 Swordsman. 24550_ Railgun destroyed. 24550_ KE Penetrator destroyed. 24551_ Antimatter Reactor destroyed. 24553_ System corrupted: Force Lance targeting data glitched. 24556_ L-61 Swordsman destroyed. 24556_ Adv. Heat Sink destroyed. Map ----- +----------------------------------------------------+ | ???????????????????????????##################### # | | ??????????????????????????#?################### ## | | ????????????????????########################## ### | | ?????????????????################################# | | ???????????????################################### | | ?????????????##################################### | | ????????????###################################### | | ???????????####################################### | | ??????????######################################## | | ?????????######################################### | | ????????########################################## | | ???????##################################### | | ??????###################################### | | ??????###################################### | | ?????####################################### | | ?????####################################### | | ????######################################## | | ????######################################## | | ????######################################## | | ???######################################### | | ???######################################### | | ???######################################### | | ???######################################### | | ???############################################### | | ????######################g############## ### | | ???######################@=![[!#= ### | | ???################### ##=lgg%%+!" " ### | | ???# ############*x!/=[#[" " ### | | ???# """""" ###"""""####pp%%=!# " " " | | ???# " " ###""T""####==!/%=# " " ### ### | | ???# " "" " ## !=! %!=# ##### ##### | | ???# " "" " ## ####;####+#+####### ##### | | ???? """""" ## "% + ## ##### | | ???? ## !! # ## ##### | | ???? ## !! + ## ##### | | ?????###+######! ###+#####+# # #### | | ####### # # # "" | | # """ ! # # "T | | # "Y" ###### #### | | # |/#######+###### | | """"" """"""" # /!Y# | | """"" """"""" ##+#+####### | | """"" """"""" "" "" ####### """ | | "F "" + | | """"" # | | ###### #############+####### # | | ?????#######???#### + + """ | | ?????????????????## """ ####### | | ??????????????????# """ "" "" ####### | | ??????????????????? ?"" "F "" ####### | +----------------------------------------------------+ Best States ------------- Heat Dissipation 86 Energy Generation 37 Energy Capacity 600 Matter Stores 300 Matter Capacity 300 Sight Range 16 Terrain Scan Range 24 Terrain Scan Density 1010 Additional Mass Support 16 Armor Coverage 600 Resistance: KI 20 Resistance: TH 15 Reclamation Efficiency 10 Melee Speed Boost 20 Evasion (%) 42 Targeting Accuracy 8 Core Analysis 10 Recoil Reduction 4 Kinecelleration 40 Relay Coupler Types 85 Relay Coupler Value 3 Item Schematics ----------------- Med. Treads | -7/Factory | Hacked Robot Schematics ------------------ None Fabricated ------------ Imp. Medium Treads | x2 | -7/Factory | Preloaded Y-54 Guardian | x2 | -6/Factory | Preloaded Alien Tech Used ----------------- None Achievements -------------- Giant Slayer My Command Is Your Wish Pyromaniac Challenges ------------ None Game ------ Seed CryofiberPlasmaGun Manual? 0 Play Time 06:37:48 Cumulative 125.6 hours Start 2020.10.15 @ 21:25:20 End 2020.10.16 @ 22:02:39 Sessions 7 Manual Loads 0 Difficulty Rogue Special Mode None Game No. 48 Rogue 42 Adventurer 6 Explorer 0 Win Type - Total 5 Types 4/0/0/1/0/0/0/0/0 Lore% 69 Gallery% 69 Achievement% 54 Wizard Run 0 Options --------- ASCII 0 Keyboard 1 Movement Numpad Keybinds 0 Fullscreen 2 Font 18/CogNarrow Map View 76x50 Tactical HUD 1 Map Filters NONE Filters NONE Steam 1 RUN: 6b371006-1d1a-48b2-ad61-6dac6ed6a304